 Dungeon Crawl Stone Soup version 0.27.1-33-g824d729ab1 (webtiles) character file.

Game seed: 5892252285527557357

2629 lordive the Spear-Bearer (level 9, -1/69 HPs)
             Began as a Merfolk Gladiator on Dec 27, 2021.
             Was a High Priest of Okawaru.
             Slain by a yak (15 damage)
             ... on level 7 of the Dungeon.
             The game lasted 00:13:46 (8500 turns).

lordive the Spear-Bearer (Merfolk Gladiator)        Turns: 8500, Time: 00:13:47

Health: -1/69      AC:  6    Str: 14    XL:     9   Next: 61%
Magic:  6/12       EV: 25    Int: 10    God:    Okawaru [*****.]
Gold:   356        SH:  0    Dex: 16    Spells: 6/12 levels left

rFire    . . .     SeeInvis .   a - +0 trident
rCold    . . .     Faith    .   (no shield)
rNeg     . . .     Spirit   .   b - +0 leather armour
rPois    .         Reflect  .   c - +0 helmet
rElec    .         Harm     .   (no cloak)
rCorr    .         Rampage  .   (no gloves)
Will     .....                  r - +0 pair of boots
Stlth    ++++......             G - amulet of the acrobat
HPRegen  0.21/turn              k - +4 ring of evasion
MPRegen  0.13/turn              t - +4 ring of evasion

@: heroic, finesse-ful
A: (nimble swimmer 2), mertail
a: Renounce Religion, Heroism, Finesse


You were on level 7 of the Dungeon.
You worshipped Okawaru.
Okawaru was extremely pleased with you.
You visited 2 branches of the dungeon, and saw 8 of its levels.

You collected 356 gold pieces.

Inventory:

Hand Weapons
 a - a +0 trident (weapon)
Missiles
 d - 3 throwing nets (quivered)
Armour
 b - a +0 leather armour (worn)
 c - a +0 helmet (worn)
 r - a +0 pair of boots (worn)
 w - +0 ice dragon scales
Jewellery
 j - a +6 ring of intelligence
 k - a +4 ring of evasion (left hand)
 s - a ring of poison resistance
 t - a +4 ring of evasion (right hand)
 A - a ring of protection from fire
 G - an amulet of the acrobat (around neck)
 L - a +4 ring of evasion
Wands
 B - a wand of paralysis (10)
 K - a wand of mindburst (12)
Scrolls
 e - 2 scrolls of noise {unknown}
 f - 3 scrolls of teleportation {unknown}
 g - 11 scrolls of identify {unknown}
 m - a scroll of enchant weapon {unknown}
 n - 2 scrolls of brand weapon {unknown}
 u - a scroll of vulnerability {unknown}
 v - 2 scrolls of fear {unknown}
 y - a scroll of magic mapping {unknown}
 z - a scroll of fog {unknown}
 D - 3 scrolls of blinking {unknown}
 E - a scroll of acquirement {unknown}
 F - a scroll of enchant armour {unknown}
 J - a scroll of amnesia {unknown}
Potions
 h - 6 potions of curing {unknown}
 i - a potion of haste {unknown}
 l - a potion of berserk rage {unknown}
 o - a potion of magic {unknown}
 p - 2 potions of mutation {unknown}
 q - a potion of ambrosia {unknown}
 x - a potion of flight {unknown}
 C - 2 potions of heal wounds {unknown}
 H - a potion of degeneration {unknown}
 I - a potion of lignification {unknown}


   Skills:
 + Level 6.0(11.0) Fighting
 + Level 11.3(16.3) Polearms
 - Level 2.0(7.0) Throwing
 + Level 2.6(7.6) Armour
 + Level 6.2(11.2) Dodging
 + Level 3.2(8.2) Stealth
 * Level 2.4 Spellcasting
 * Level 2.9 Hexes
 * Level 4.0 Ice Magic
 * Level 3.0 Invocations


You had 6 spell levels left.
You knew the following spells:

 Your Spells              Type           Power      Damage    Failure   Level
a - Corona                Hex            7%         N/A       11%         1
b - Ensorcelled Hibernat  Hex/Ice        16%        N/A       13%         2
c - Ozocubu's Armour      Ice            9%         N/A       21%         3

Your spell library contained the following spells:

 Spells                   Type           Power      Damage    Failure   Level
 Tukima's Dance           Hex            7%         N/A       32%         3
 Magic Dart               Conj           4%         1d3       34%         1
 Call Imp                 Summ           1%         N/A       47%         2
 Mephitic Cloud           Conj/Pois/Air  1%         N/A       71%         3
 Metabolic Englaciation   Hex/Ice        4%         N/A       93%         5
 Simulacrum               Ice/Necr       2%         N/A       100%        6


Dungeon Overview and Level Annotations

Branches:
Dungeon (7/15)             Temple (1/1) D:4

Altars:
Ashenzari
Cheibriados
Dithmenos
Elyvilon
Fedhas
Kikubaaqudgha
Makhleb
Okawaru
Qazlal
Ru
Sif Muna
Trog
Uskayaw
Vehumet
Xom
Yredelemnul
Zin


Innate Abilities, Weirdness & Mutations

((You are quick and stealthy near water. (Stealth+, EV+, Speed+++)))
Your lower body shifts to a powerful aquatic tail in water.


Message History

Joseph is severely wounded.
The howler monkey completely misses you.
You hit Joseph.
Joseph is severely wounded.
Joseph hits you with a +0 quarterstaff!
* * * LOW HITPOINT WARNING * * *
The howler monkey barely misses you.
You hit Joseph.
Joseph is severely wounded.
You hit Joseph.
Joseph is almost dead.
The howler monkey barely misses you. Joseph misses you.
Okay, then.
You puncture Joseph!
Joseph is almost dead.
The howler monkey completely misses you.
Joseph hits you with a +0 quarterstaff.
* * * LOW HITPOINT WARNING * * *
You puncture Joseph!
You kill Joseph!
Okawaru is honoured by your kill.
You can now speed up your combat.
Okawaru will now gift you equipment as you gain piety.
Your base Fighting skill increases to level 6!
Your Ice Magic skill increases to level 4!
Your Invocations skill increases to level 3!
Unknown command.
You hit the howler monkey.
The howler monkey is moderately wounded.
The howler monkey barely misses you.
Okay, then.
Casting: Corona (safe; 11% risk of failure)
Confirm with . or Enter, or press ? or * to list all spells.
Aiming: Corona (safe; 11% risk of failure)
Press: ? - help, Shift-Dir - straight line, f - yak
Aim: a yak (chance to affect: 41%)
Okay, then.
You can now deal lightning-fast blows.
The howler monkey hoots and howls with incredible vigour!
The yak gores you!
You die...

#.# :.) #..... #.###+#####'#
#.#... #.#.....#..{# #.#...
#.#..#..#.#O# # #.#...
#.+.....'.#.#.+ +.....
#.#.#.#.#.#.#.# #..###
#.#.....#.#...# #.####
#.###'#####O#####+###....#
#.......h@Yo.............#
#..########.#...######...#
##.## #.....#.........
##..###########...#.########
#.)........(................
#)#############...#.########
#)..).# ........###... ...
#####.# #######.# ##### ##
#.# #.#


You could see a two-headed ogre, a yak, an orc warrior and a howler monkey
(catching breath).

Vanquished Creatures
  Pikel (D:4)
  Joseph (D:7)
  Duvessa (D:4)
  An ice beast (D:7)
  3 necrophages
  A centaur (D:6)
  4 ogres
  A wyvern zombie (D:6)
  2 scorpions
  Dowan (D:4)
  A water moccasin skeleton (D:6)
  3 howler monkeys
  A bullfrog zombie (D:6)
  2 centaur zombies
  A centaur skeleton (D:7)
  A hound (D:4)
  A jelly (D:6)
  An orc priest (D:4)
  An iguana (D:5)
  2 orc wizards
  A killer bee zombie (D:7)
  Robin (D:2)
  9 adders
  2 howler monkey skeletons
  A white imp (D:6)
  2 worms (D:2)
  3 dart slugs
  18 orcs
  9 endoplasms
  3 giant cockroaches
  15 goblins
  7 hobgoblins
  2 jackals (D:2)
  8 quokkas
  5 ball pythons
  2 bats
  A frilled lizard (D:1)
  5 kobolds
  4 rats
128 creatures vanquished.

Vanquished Creatures (others)
  4 plants (D:1)
4 creatures vanquished.

Grand Total: 132 creatures vanquished

Notes
Turn   | Place    | Note
-------+----------+-------------------------------------------
     0 | D:1      | lordive the Merfolk Gladiator began the quest for the Orb.
     0 | D:1      | Reached XP level 1. HP: 16/16 MP: 1/1
   401 | D:1      | Reached XP level 2. HP: 18/23 MP: 2/2
   407 | D:1      | Reached skill level 5 in Polearms
   801 | D:1      | Reached XP level 3. HP: 26/28 MP: 3/3
  1734 | D:2      | Reached skill level 1 in Stealth
  2010 | D:2      | Reached XP level 4. HP: 32/34 MP: 4/4
  2295 | D:2      | Found a faded altar of an unknown god.
  2295 | D:2      | Noticed Robin
  2321 | D:2      | Killed Robin
  2333 | D:2      | Reached skill level 6 in Polearms
  2787 | D:3      | Found a white marble altar of Elyvilon.
  3113 | D:3      | Found a glowing silver altar of Zin.
  3172 | D:3      | Found a shimmering blue altar of Sif Muna.
  3176 | D:3      | Reached XP level 5. HP: 41/41 MP: 5/5
  3938 | D:4      | Found a staircase to the Ecumenical Temple.
  3946 | D:4      | Reached skill level 1 in Armour
  3962 | D:4      | HP: 1/41 [orc wizard/magic dart (6)]
  3971 | Temple   | Entered the Ecumenical Temple
  4321 | Temple   | Became a worshipper of Warmaster Okawaru
  4535 | D:4      | Reached skill level 7 in Polearms
  4718 | D:4      | Noticed a necrophage
  4731 | D:4      | Killed a necrophage
  4732 | D:4      | Reached skill level 5 in Dodging
  4732 | D:4      | Reached XP level 6. HP: 30/47 MP: 6/6
  5201 | D:5      | Entered Level 5 of the Dungeon
  5203 | D:5      | Noticed Pikel
  5244 | D:4      | Reached skill level 8 in Polearms
  5251 | D:4      | Killed Pikel
  5251 | D:4      | Reached * piety under Okawaru
  5251 | D:4      | Reached ** piety under Okawaru
  5252 | D:4      | Reached skill level 9 in Polearms
  5252 | D:4      | Reached XP level 7. HP: 22/55 MP: 7/7
  5252 | D:4      | Reached XP level 8. HP: 24/61 MP: 8/8
  5443 | D:5      | Noticed Duvessa
  5541 | D:5      | Learned a level 1 spell: Corona
  5544 | D:5      | Learned a level 2 spell: Ensorcelled Hibernation
  5632 | D:5      | Noticed Dowan
  5786 | D:5      | Reached skill level 10 in Polearms
  5801 | D:4      | Reached *** piety under Okawaru
  5802 | D:4      | Reached skill level 1 in Ice Magic
  6092 | D:4      | Killed Duvessa
  6093 | D:4      | Reached skill level 1 in Spellcasting
  6093 | D:4      | Reached skill level 1 in Hexes
  6107 | D:4      | Killed Dowan
  6457 | D:5      | Reached skill level 5 in Fighting
  6742 | D:5      | Found a shimmering altar of Xom.
  6886 | D:6      | Reached skill level 1 in Invocations
  6886 | D:6      | Reached XP level 9. HP: 42/68 MP: 9/11
  7037 | D:6      | Reached **** piety under Okawaru
  7974 | D:7      | Found a blossoming altar of Fedhas.
  8036 | D:7      | Found a bloodstained altar of Trog.
  8042 | D:7      | Learned a level 3 spell: Ozocubu's Armour
  8288 | D:7      | Reached skill level 11 in Polearms
  8465 | D:7      | Noticed Joseph
  8465 | D:7      | Noticed a two-headed ogre
  8498 | D:7      | Killed Joseph
  8498 | D:7      | Reached ***** piety under Okawaru
  8500 | D:7      | Slain by a yak

Illustrated notes

Levels and vault maps discovered:
D:1:      onia_arrival_pyramid, layout_loops_ring, serial_forest,
          infiniplex_forest_clump_large, infiniplex_forest_end_double,
          infiniplex_forest_clump_medium, infiniplex_forest_clump_large,
          infiniplex_forest_clump_tiny, infiniplex_forest_clump_double,
          infiniplex_forest_corner_1
D:2:      layout_basic, chequers_ecumenical_altar_simple,
          minmay_misc_feat_hallway, bh_walls_and_bars, uniq_robin
D:3:      layout_basic, nicolae_sif_muna_little_library, zin_treasury,
          mainiacjoe_overflow_concentric_impassable, minmay_quantized
D:4:      layout_gridville, minmay_temple_entry_slanted,
          hangedman_decor_riveting, minivault_24
D:5:      layout_rooms, tgw_xom, serial_corexii_hall,
          chequers_hall_statues_corner_a, chequers_hall_statues_y, uniq_duvessa,
          uniq_pikel
D:6:      layout_basic
D:7:      minmay_the_grid_square_5x5_3x3 [minmay_the_grid_square_5x5_minibox,
          minmay_the_grid_square_5x5_two,
          minmay_the_grid_square_5x5_three_walls,
          minmay_the_grid_square_5x5_shuriken,
          minmay_the_grid_square_5x5_megaprize_crossed,
          minmay_the_grid_square_5x5_beaten_path,
          minmay_the_grid_square_5x5_half_checkered,
          minmay_the_grid_square_5x5_two_small,
          minmay_the_grid_square_5x5_bracketed], layout_basic,
          mainiacjoe_overflow_surrounded_room, trog_book, fedhas_altar_2,
          uniq_joseph
Temple:   minmay_temple_curvy_loop

Skill      XL: |  1  2  3  4  5  6  7  8  9 |
---------------+----------------------------+-----
Polearms       | 5 6 7 9 10 11 | 11.3
Stealth        | 1 2 3 |  3.2
Fighting       | 3 4 5 6 |  6.0
Armour         | 1 2 |  2.6
Dodging        | 5 6 |  6.2
Ice Magic      | 3 4 |  4.0
Spellcasting   | 1 2 |  2.4
Hexes          | 1 2 |  2.9
Invocations    | 1 3 |  3.0
Throwing       | |  2.0

Action                   |  1- 3 |  4- 6 |  7- 9 || total
-------------------------+-------+-------+-------++-------
Melee: Trident           |   109 |   226 |   331 ||   666
 Cast: Corona            |       |       |    16 ||    16
Invok: Heroism           |       |       |     1 ||     1
       Finesse           |       |       |     1 ||     1
 Stab: Sleeping          |     4 |     4 |     4 ||    12
Armor: Leather armour    |    20 |    26 |    26 ||    72
Dodge: Dodged            |    62 |   151 |   249 ||   462
